 Dungeon Crawl Stone Soup version 0.16-a0-110-ge8ded92 (webtiles) character file.

555 billmawashi the Slinger (level 7, -4/43 HPs)
             Began as a Halfling Hunter on Aug 10, 2014.
             Killed from afar by runewalsh's ghost (18 damage)
             ... with a shard of ice
             ... on Level 5 of the Dungeon.
             The game lasted 00:21:08 (4291 turns).

billmawashi the Slinger (Halfling Hunter)           Turns: 4291, Time: 00:21:08

HP  -4/43        AC  7     Str 12      XL: 7   Next: 56%
MP   7/7         EV 13     Int 10      God:
Gold 214         SH  0     Dex 17      Spells:  0 memorised,  6 levels left

rFire  . . .     SeeInvis .     b - +4 hunting sling
rCold  . . .     Clarity  .     d - +1 leather armour
rNeg   . . .     rCorr    .     (no shield)
rPois  .         rRot     .     (no helmet)
rElec  .         Spirit   .     k - +2 cloak
SustAb .         Warding  .     (no gloves)
rMut   .         Stasis   .     (no boots)
Gourm  .                        (no amulet)
MR     .....                    (no ring)
                                (no ring)

@: not resistant to hostile enchantments, unstealthy
A: mutation resistance 1
a: no special abilities


You were on level 5 of the Dungeon.
You were not hungry.

You visited 1 branch of the dungeon, and saw 5 of its levels.

You collected 214 gold pieces.

Inventory:

Hand weapons
 a - a +0 short sword
 b - a +4 hunting sling (weapon)
 e - a +0 short sword
 w - a +3 battleaxe
Missiles
 h - 193 stones (quivered)
 j - 5 sling bullets of flame
Armour
 d - a +1 leather armour (worn)
 k - a +2 cloak (worn)
Magical devices
 g - a wand of flame (11)
Comestibles
 c - a slice of pizza
 f - 2 bread rations
 p - 2 meat rations
 q - a beef jerky
 t - 3 fruits
 v - 2 chunks of orc flesh
 A - 2 chunks of hobgoblin flesh
Scrolls
 y - a scroll of recharging
Jewellery
 m - an uncursed ring of ice
Potions
 i - a potion of agility
 l - a potion of might
 n - a potion of confusion {unknown}
 o - a potion of cancellation {unknown}
 r - a potion of curing
 s - a potion of lignification {unknown}
 u - a potion of mutation {unknown}


   Skills:
 - Level 1.0 Fighting
 + Level 11.7 Slings
 - Level 1.0 Armour
 - Level 2.1 Dodging
 - Level 1.1 Stealth


You had 6 spell levels left.
You didn't know any spells.

Dungeon Overview and Level Annotations

Branches:
Dungeon (5/15)
 Temple: D:4-7

Altars:
Ashenzari
Kikubaaqudgha
Yredelemnul
Zin
The Shining One

Annotations:
D:5 runewalsh's ghost, experienced OpIE


Innate Abilities, Weirdness & Mutations

You are small and have problems with some larger weapons.
You are somewhat resistant to further mutation.


Message History

Firing (i - inventory. (,) - cycle):
h - 196 stones (quivered)
Press: ? - help, Shift-Dir - straight line, f/p - runewalsh's ghost
Aim: runewalsh's ghost You shoot a stone.
The stone completely misses runewalsh's ghost.
Firing (i - inventory. (,) - cycle):
h - 195 stones (quivered)
Press: ? - help, Shift-Dir - straight line, f/p - runewalsh's ghost
Aim: runewalsh's ghost You shoot a stone.
The stone hits runewalsh's ghost.
Runewalsh's ghost is lightly damaged.
Runewalsh's ghost points at you and mumbles some strange words.
The puff of frost hits you!
Firing (i - inventory. (,) - cycle):
h - 194 stones (quivered)
Press: ? - help, Shift-Dir - straight line, f/p - runewalsh's ghost
Aim: runewalsh's ghost (lightly damaged)
You shoot a stone. The stone hits runewalsh's ghost.
Runewalsh's ghost is lightly damaged.
Runewalsh's ghost points at you and mumbles some strange words.
The shard of ice hits you!
You die...

#.#......#
###
#.#.####.#
#(.
#.#.##.#.#
#.#
.......#.#
# ...
#<#.##.#.#
#.#W#
.....#.#.#
.#.##
##...#.#.#
...
#.)##.#.#
#.#
##....[#.#
#@#
.......#.#
#.#
##.#.#.#.#
#.#
###.#.#.#
#.# ..#
#.#######.#
##.#
#.........#
#.#
###########
#.# #.#


You could see runewalsh's ghost.

Vanquished Creatures
  An ogre (D:4)
  A scorpion (D:4)
  An orc priest (D:3)
  A hound (D:4)
  An iguana (D:4)
  An orc wizard (D:3)
  Natasha (thrice) (D:4)
  5 gnolls
  7 adders
  A giant mite (D:3)
  5 worms
  2 giant geckos
  12 orcs
  7 bats
  3 bat zombies (D:4)
  6 giant cockroaches
  15 hobgoblins
  6 jackals
  9 kobolds
  2 ball pythons
  7 giant newts
  10 goblins
  11 rats
  A rat skeleton (D:5)
  A rat zombie (D:4)
119 creatures vanquished.

Notes
Turn   | Place    | Note
--------------------------------------------------------------
     0 | D:1      | billmawashi, the Halfling Hunter, began the quest for the Orb.
     0 | D:1      | Reached XP level 1. HP: 12/12 MP: 1/1
    25 | D:1      | Reached skill level 6 in Slings
    68 | D:1      | Reached XP level 2. HP: 18/18 MP: 2/2
   326 | D:1      | Reached skill level 7 in Slings
   326 | D:1      | Reached XP level 3. HP: 22/22 MP: 3/3
   697 | D:2      | Reached XP level 4. HP: 27/27 MP: 4/4
   712 | D:2      | Reached skill level 8 in Slings
   964 | D:2      | Reached XP level 5. HP: 32/32 MP: 5/5
  1667 | D:2      | Found a glowing golden altar of the Shining One.
  1824 | D:2      | Reached skill level 9 in Slings
  1832 | D:2      | Reached skill level 1 in Armour
  2044 | D:2      | Reached XP level 6. HP: 28/37 MP: 6/6
  2317 | D:3      | Reached skill level 10 in Slings
  3146 | D:4      | Found a shattered altar of Ashenzari.
  3202 | D:4      | Reached skill level 1 in Fighting
  3202 | D:4      | Reached skill level 11 in Slings
  3202 | D:4      | Reached XP level 7. HP: 7/43 MP: 7/7
  3602 | D:4      | Found an ancient bone altar of Kikubaaqudgha.
  3768 | D:4      | Noticed Natasha
  3772 | D:4      | Killed Natasha
  3807 | D:4      | Found a glowing silver altar of Zin.
  4007 | D:4      | Noticed Natasha
  4008 | D:4      | Killed Natasha
  4035 | D:4      | Found a basalt altar of Yredelemnul.
  4109 | D:4      | Noticed Natasha
  4110 | D:4      | Killed Natasha
  4177 | D:5      | Entered Level 5 of the Dungeon
  4286 | D:5      | Noticed runewalsh's ghost (experienced OpIE)
  4291 | D:5      | Killed from afar by runewalsh's ghost

Action                   |  1- 3 |  4- 6 |  7- 9 || total
-------------------------+-------+-------+-------++-------
 Fire: Hunting sling     |    64 |   241 |    61 ||   366
Evoke: Wand              |       |     1 |       ||     1
  Use: Scroll            |       |    10 |     4 ||    14
       Potion            |       |       |     1 ||     1
  Eat: Chunk             |       |     6 |     4 ||    10
